WCHLSIM.com - West Coast Hockey League
html PUBLIC "-//W3C//DTD XHTML 1.0 Transitional//EN" "http://www.w3.org/TR/xhtml1/DTD/xhtml1-transitional.dtd"> WCHL - Game 541 - BOISE CARIBOUS vs SAN DIEGO THUNDER

BOISE CARIBOUS vs SAN DIEGO THUNDER

Created - 22 décembre 2019 at 10:56

Goals
1 2 3 T
BOISE CARIBOUS 0 0 1 1
SAN DIEGO THUNDER 3 1 1 5
Shots
1 2 3 T
BOISE CARIBOUS 8 5 6 19
SAN DIEGO THUNDER 12 11 15 38

1st period

1. SAN DIEGO THUNDER , Evander Kane 19 (Bo Horvat 31, Nikita Kucherov 23) at 0:18
2. SAN DIEGO THUNDER , Jared McCann 5 (Pierre-Edouard Bellemare 5, Connor Murphy 5) at 5:53
3. SAN DIEGO THUNDER , Nikita Kucherov 25 (Evander Kane 18, Radko Gudas 11) at 8:55

Penalties :
David Perron (SDG) for Boarding (Minor) at 2:14, Zach Redmond (BOI) for Hooking (Minor) at 6:20, Josh Anderson (SDG) for High sticking (Minor) at 11:21, Evander Kane (SDG) for Roughing (Minor) at 15:38, Zach Redmond (BOI) for High sticking (Minor) at 18:33

2nd period

4. SAN DIEGO THUNDER , David Perron 13 (Radko Gudas 12, Josh Anderson 23) at 4:09

Penalties :
Evander Kane (SDG) for Close Hand On Puck (Minor) at 4:41, Micheal Haley (BOI) for Hooking (Minor) at 7:34, Nikita Kucherov (SDG) for Hooking (Minor) at 18:28, Charles McAvoy (SDG) for Interference (Minor) at 19:31

3rd period

5. SAN DIEGO THUNDER , Mikael Granlund 12 (Patrik Nemeth 7, Josh Anderson 24) at 2:07
6. BOISE CARIBOUS , Thomas Vanek 6 (Radek Faksa 12) at 4:21

Penalties :
Pierre-Edouard Bellemare (SDG) for Tripping (Minor) at 7:53, Thomas Vanek (BOI) for Holding (Minor) at 14:21, Thomas Vanek (BOI) for High sticking (Double Minor) at 19:34

Goalie Stats

Michal Neuvirth (BOI), 33 saves from 38 shots - (0,868), L, 2-5-0, 60:00 minutes
Connor Hellebuyck (SDG), 18 saves from 19 shots - (0,947), W, 13-12-3, 60:00 minutes

Players Stats for BOISE CARIBOUS

Player Name              G  A  P  +/- PIM S  H  SB GA TA FO     MP     PP MP  PK MP  
------------------------------------------------------------------------------------
Andre Burakovsky         0  0  0   0  0   1  0  0  0  0  0/2    15:51   7:00   0:00 
Brian Boyle              0  0  0  -1  0   1  2  0  0  0  0/0    17:28   7:26   0:14 
Connor Brown             0  0  0  -1  0   4  0  1  0  0  0/0    16:27   6:39   0:00 
Darren Helm              0  0  0   0  0   1  0  0  0  0  0/0    14:54   0:04   3:24 
Greg Pateryn             0  0  0  -1  0   0  2  2  0  0  0/0    20:02   0:50   6:06 
Jesperi Kotkaniemi       0  0  0  -1  0   2  1  0  0  0  13/35  19:37   7:26   1:27 
Kyle Turris              0  0  0  -3  0   2  0  0  0  0  7/18   13:12   5:31   0:00 
Lawson Crouse            0  0  0  -3  0   2  1  0  0  0  0/1    14:51   6:14   0:00 
Mario Kempe              0  0  0   0  0   0  0  1  0  0  1/11   11:59   0:33   0:00 
Melker Karlsson          0  0  0  -3  0   0  0  1  0  0  0/0    13:54   0:33   4:43 
Micheal Haley            0  0  0   0  2   0  1  0  0  0  0/1    15:49   4:25   0:00 
Mirco Mueller            0  0  0   0  0   1  1  3  0  0  0/0    20:23   3:30   4:29 
Nick Leddy               0  0  0  -3  0   0  0  3  0  0  0/0    19:28   0:28   4:43 
Radek Faksa              0  1  1   0  0   2  1  1  0  0  15/21  15:45   0:00   6:54 
Thomas Vanek             1  0  1   0  6   2  1  0  0  0  0/2    14:42   5:53   0:00 
Will Butcher             0  0  0  -1  0   1  1  3  0  0  0/0    20:45   8:13   0:00 
Will O'Neill             0  0  0   0  0   0  0  0  0  0  0/0    11:03   0:00   0:00 
Zach Redmond             0  0  0  -3  4   0  4  1  0  0  0/0    15:24   0:00   1:24 

Players Stats for SAN DIEGO THUNDER

Player Name              G  A  P  +/- PIM S  H  SB GA TA FO     MP     PP MP  PK MP  
------------------------------------------------------------------------------------
Bo Horvat                0  1  1   1  0   6  0  0  0  0  17/25  20:39   4:23   1:21 
Charles McAvoy           0  0  0  -1  2   0  1  1  0  0  0/0    19:37   3:30   5:47 
Christian Fischer        0  0  0   0  0   0  0  0  0  0  0/0     0:00   0:00   0:00 
Connor Murphy            0  1  1   1  0   1  2  1  0  0  0/0    24:59   3:44   6:51 
David Perron             1  0  1   2  2   1  0  0  0  0  0/4    17:40   4:23   0:00 
Dominik Kahun            0  0  0   1  0   0  0  0  0  0  1/1    11:03   0:00   1:34 
Evander Kane             1  1  2   1  4   7  2  1  0  0  0/0    18:51   3:58   0:00 
James Neal               0  0  0   0  0   1  0  0  0  0  0/0     1:00   0:00   0:00 
Jared McCann             1  0  1   1  0   3  2  0  0  0  2/2    15:29   0:00   5:00 
Jean-Gabriel Pageau      0  0  0   0  0   1  1  0  0  0  5/7     6:18   0:00   5:18 
Josh Anderson            0  2  2   2  2   2  6  0  0  0  1/2    22:42   3:58   5:27 
Josh Manson              0  0  0   1  0   0  2  2  0  0  0/0    22:08   1:19   6:51 
Matt Benning             0  0  0  -1  0   0  1  0  0  0  0/0    14:22   4:02   0:00 
Mikael Granlund          1  0  1   2  0   6  0  1  0  0  9/20   17:16   3:58   0:00 
Nikita Kucherov          1  1  2   1  2   3  0  0  0  0  0/1    19:17   4:23   0:00 
Patrik Nemeth            0  1  1   4  0   2  0  1  0  0  0/0    22:23   4:07   5:16 
Pierre-Edouard Bellemare 0  1  1   1  2   3  1  0  0  0  20/29  15:46   0:00   6:18 
Radko Gudas              0  2  2   4  0   2  1  0  0  0  0/0    16:30   0:00   1:08 

3 Stars

1 - Radko Gudas (SDG)
2 - Josh Anderson (SDG)
3 - Mikael Granlund (SDG)

Power Play

BOISE CARIBOUS - 0 on 7 Attempt(s) - 0,00%
SAN DIEGO THUNDER - 0 on 6 Attempt(s) - 0,00%

Penalty Kill

BOISE CARIBOUS - 6 on 6 Attempt(s) - 100,00% - Score 0 goal in Penalty Kill
SAN DIEGO THUNDER - 7 on 7 Attempt(s) - 100,00% - Score 0 goal in Penalty Kill

Team Stat

BOISE CARIBOUS - Hits : 15 - Faceoff Wins : 36 - Blocked Shots : 16 - Penalty Minutes : 12
SAN DIEGO THUNDER - Hits : 19 - Faceoff Wins : 55 - Blocked Shots : 7 - Penalty Minutes : 14

Official

Referees : Jake Brenk and Dave Lewis
Linesman : Brian Mach and Kevin Keenan

Game Notes

No Game Note

Finance

Level 1 -- Attendance: 5663 (90,32%) -- Ticket Income 736 190 $
Level 2 -- Attendance: 5320 (100,00%) -- Ticket Income 425 600 $
Level 3 -- Attendance: 2090 (100,00%) -- Ticket Income 114 950 $
Level 4 -- Attendance: 4163 (96,37%) -- Ticket Income 166 520 $
Luxury Box -- Attendance: 1000 (100,00%) -- Ticket Income 240 000 $
Total Attendance: 18236 (95,98%)
Total Ticket Income: 1 683 260 $
Other Income: 504 978 $
Total Income: 2 188 238 $

BOISE CARIBOUS

5 vs 5 Forward 
   Center                   Left Wing                Right Wing               Time % Phy DF OF 
 1 Radek Faksa              Thomas Vanek             Andre Burakovsky         26     1   4  0  
 2 Jesperi Kotkaniemi       Brian Boyle              Connor Brown             26     1   4  0  
 3 Kyle Turris              Lawson Crouse            Melker Karlsson          25     3   2  0  
 4 Mario Kempe              Darren Helm              Micheal Haley            23     5   0  0  

5 vs 5 Defense 
   Defense                  Defense                                           Time % Phy DF OF 
 1 Nick Leddy               Zach Redmond                                      34     1   2  2  
 2 Will Butcher             Greg Pateryn                                      33     1   2  2  
 3 Mirco Mueller            Will O'Neill                                      26     1   3  1  
 4 Mirco Mueller            Will O'Neill                                      7      0   5  0  

PowerPlay Forward 
   Center                   Left Wing                Right Wing               Time % Phy DF OF 
 1 Kyle Turris              Thomas Vanek             Micheal Haley            55     0   2  3  
 2 Jesperi Kotkaniemi       Brian Boyle              Andre Burakovsky         45     1   2  2  

PowerPlay Defense
   Defense                  Defense                                           Time % Phy DF OF 
 1 Will Butcher             Connor Brown                                      55     1   1  3  
 2 Lawson Crouse            Will Butcher                                      45     1   2  2  

Penalty Kill 4 Players Forward 
   Center                   Wing                     Time % Phy DF OF 
 1 Radek Faksa              Darren Helm              60     1   3  1  
 2 Jesperi Kotkaniemi       Melker Karlsson          40     1   3  1  

Penalty Kill 4 Players Defense
   Defense                  Defense                  Time % Phy DF OF 
 1 Nick Leddy               Greg Pateryn             51     1   3  1  
 2 Zach Redmond             Mirco Mueller            49     1   4  0  

Penalty Kill - 3 Players Forward 
   Forward                                           Time % Phy DF OF 
 1 Darren Helm                                       55     1   4  0  
 2 Mario Kempe                                       45     1   4  0  

Penalty Kill - 3 Players Defense
   Defense                  Defense                  Time % Phy DF OF 
 1 Mirco Mueller            Will O'Neill             55     1   4  0  
 2 Greg Pateryn             Zach Redmond             45     2   3  0  

4 vs 4 Forward 
   Center                   Wing                     Time % Phy DF OF 
 1 Kyle Turris              Micheal Haley            55     1   2  2  
 2 Radek Faksa              Thomas Vanek             45     1   2  2  

4 vs 4 Defense
   Defense                  Defense                  Time % Phy DF OF 
 1 Will O'Neill             Zach Redmond             55     1   2  2  
 2 Will Butcher             Greg Pateryn             45     1   2  2  

Last Minutes Offensive
   Center                   Left Wing                Right Wing               Defense                  Defense                  
   Kyle Turris              Thomas Vanek             Micheal Haley            Will Butcher             Nick Leddy               

Last Minutes Defensive
   Center                   Left Wing                Right Wing               Defense                  Defense                  
   Radek Faksa              Darren Helm              Melker Karlsson          Mirco Mueller            Greg Pateryn             

Goaltenders
Starting : Michal Neuvirth          
Backup : Alex Stalock             

Extra Forwards
Normal : Connor Brown, Melker Karlsson, Lawson Crouse - PP : Kyle Turris, Lawson Crouse - PK : Melker Karlsson
Extra Defensemen
Normal : Zach Redmond, Mirco Mueller, Will Butcher - PP : Mirco Mueller - PK : Nick Leddy, Mirco Mueller
Penalty Shots
Thomas Vanek, Jesperi Kotkaniemi, Radek Faksa, Brian Boyle, Kyle Turris
Custom OT Lines Forwards
Micheal Haley, Brian Boyle, Radek Faksa, Thomas Vanek, Kyle Turris, Jesperi Kotkaniemi, Connor Brown, Darren Helm, Melker Karlsson, Lawson Crouse
Custom OT Lines Defensemen
Will Butcher, Will O'Neill, Greg Pateryn, Nick Leddy, Zach Redmond

Scratches
Tom Wilson (Left Wrist Injury), Brendan Smith (Right Ankle Injury), Macoy Erkamps (Healthy), Mike Reilly (Healthy), Seth Griffith (Healthy)
Casey DeSmith (Healthy), Joel Hofer (Healthy)

SAN DIEGO THUNDER

5 vs 5 Forward 
   Center                   Left Wing                Right Wing               Time % Phy DF OF 
 1 Bo Horvat                Evander Kane             Nikita Kucherov          34     1   2  2  
 2 Mikael Granlund          David Perron             Josh Anderson            31     1   2  2  
 3 Pierre-Edouard Bellemare Jared McCann             Dominik Kahun            25     1   2  2  
 4 Jean-Gabriel Pageau      Jared McCann             James Neal               10     0   4  1  

5 vs 5 Defense 
   Defense                  Defense                                           Time % Phy DF OF 
 1 Patrik Nemeth            Radko Gudas                                       34     0   2  3  
 2 Connor Murphy            Josh Manson                                       32     0   2  3  
 3 Matt Benning             Charles McAvoy                                    24     0   2  3  
 4 Radko Gudas              Connor Murphy                                     10     0   3  2  

PowerPlay Forward 
   Center                   Left Wing                Right Wing               Time % Phy DF OF 
 1 Bo Horvat                David Perron             Nikita Kucherov          55     0   0  5  
 2 Mikael Granlund          Evander Kane             Josh Anderson            45     0   0  5  

PowerPlay Defense
   Defense                  Defense                                           Time % Phy DF OF 
 1 Matt Benning             Charles McAvoy                                    55     0   1  4  
 2 Matt Benning             Patrik Nemeth                                     45     0   1  4  

Penalty Kill 4 Players Forward 
   Center                   Wing                     Time % Phy DF OF 
 1 Pierre-Edouard Bellemare Josh Anderson            55     1   3  1  
 2 Jean-Gabriel Pageau      Jared McCann             45     1   3  1  

Penalty Kill 4 Players Defense
   Defense                  Defense                  Time % Phy DF OF 
 1 Charles McAvoy           Connor Murphy            55     1   2  2  
 2 Patrik Nemeth            Josh Manson              45     1   2  2  

Penalty Kill - 3 Players Forward 
   Forward                                           Time % Phy DF OF 
 1 Pierre-Edouard Bellemare                          55     1   4  0  
 2 Jean-Gabriel Pageau                               45     1   4  0  

Penalty Kill - 3 Players Defense
   Defense                  Defense                  Time % Phy DF OF 
 1 Charles McAvoy           Connor Murphy            55     1   2  2  
 2 Josh Manson              Patrik Nemeth            45     1   2  2  

4 vs 4 Forward 
   Center                   Wing                     Time % Phy DF OF 
 1 Mikael Granlund          Nikita Kucherov          55     1   2  2  
 2 Bo Horvat                David Perron             45     1   2  2  

4 vs 4 Defense
   Defense                  Defense                  Time % Phy DF OF 
 1 Charles McAvoy           Patrik Nemeth            55     1   2  2  
 2 Matt Benning             Connor Murphy            45     1   2  2  

Last Minutes Offensive
   Center                   Left Wing                Right Wing               Defense                  Defense                  
   Bo Horvat                David Perron             Nikita Kucherov          Josh Manson              Charles McAvoy           

Last Minutes Defensive
   Center                   Left Wing                Right Wing               Defense                  Defense                  
   Mikael Granlund          Pierre-Edouard Bellemare Nikita Kucherov          Charles McAvoy           Josh Manson              

Goaltenders
Starting : Connor Hellebuyck        
Backup : Laurent Brossoit         

Extra Forwards
Normal : Nikita Kucherov, Bo Horvat, Mikael Granlund - PP : Nikita Kucherov, Josh Anderson - PK : Pierre-Edouard Bellemare
Extra Defensemen
Normal : Charles McAvoy, Radko Gudas, Patrik Nemeth - PP : Charles McAvoy - PK : Josh Manson, Radko Gudas
Penalty Shots
Nikita Kucherov, Mikael Granlund, David Perron, Bo Horvat, Josh Anderson
Custom OT Lines Forwards
Nikita Kucherov, Bo Horvat, David Perron, Mikael Granlund, Josh Anderson, Jared McCann, Jean-Gabriel Pageau, Dominik Kahun, Christian Fischer, Pierre-Edouard Bellemare
Custom OT Lines Defensemen
Charles McAvoy, Josh Manson, Radko Gudas, Connor Murphy, Patrik Nemeth

Scratches
Alexander Edler (Healthy)

% Time on Ice - BOISE CARIBOUS

Lines # - Real PCT - Wanted PCT - Time Play
Normal Forward
1 - 23% - 26% - 8:51
2 - 25% - 26% - 9:48
3 - 22% - 25% - 8:37
4 - 30% - 23% - 11:26
Normal Defense
1 - 38% - 34% - 14:33
2 - 32% - 33% - 12:12
3 - 30% - 26% - 11:41
4 - 1% - 7% - 0:16
PP Forward
1 - 43% - 55% - 5:31
2 - 57% - 45% - 7:26
PP Defense
1 - 52% - 55% - 6:43
2 - 48% - 45% - 6:14
PK Forward
1 - 87% - 60% - 7:15
2 - 13% - 40% - 1:06
PK Defense
1 - 68% - 51% - 5:39
2 - 32% - 49% - 2:42
PK3 Forward
1 - 0% - 55%
2 - 0% - 45%
PK3 Defense
1 - 0% - 55%
2 - 0% - 45%
44 Forward
1 - 0% - 55%
2 - 0% - 45%
44 Defense
1 - 0% - 55%
2 - 0% - 45%
Last Minute Offensive  - 0:00
Last Minute Defensive  - 0:00
Total
Forward - 60:00
Defense - 60:00

% Time on Ice - SAN DIEGO THUNDER

Lines # - Real PCT - Wanted PCT - Time Play
Normal Forward
1 - 39% - 34% - 14:55
2 - 34% - 31% - 13:18
3 - 25% - 25% - 9:29
4 - 3% - 10% - 1:00
Normal Defense
1 - 34% - 34% - 13:00
2 - 36% - 32% - 13:58
3 - 27% - 24% - 10:20
4 - 4% - 10% - 1:24
PP Forward
1 - 52% - 55% - 4:23
2 - 48% - 45% - 3:58
PP Defense
1 - 51% - 55% - 4:14
2 - 49% - 45% - 4:07
PK Forward
1 - 57% - 55% - 6:48
2 - 43% - 45% - 5:13
PK Defense
1 - 55% - 55% - 6:38
2 - 45% - 45% - 5:23
PK3 Forward
1 - 91% - 55% - 0:51
2 - 9% - 45% - 0:05
PK3 Defense
1 - 91% - 55% - 0:51
2 - 9% - 45% - 0:05
44 Forward
1 - 0% - 55%
2 - 0% - 45%
44 Defense
1 - 0% - 55%
2 - 0% - 45%
Last Minute Offensive  - 0:00
Last Minute Defensive  - 0:00
Total
Forward - 60:00
Defense - 60:00

Play-by-Play

1st period


0:01 of 1st period - Radek Faksa wins face-off versus Nikita Kucherov in neutral zone.
0:08 of 1st period - Shot by Thomas Vanek.
0:08 of 1st period - Shot Blocked by Patrik Nemeth.
0:18 of 1st period - Shot by Evander Kane.
0:18 of 1st period - Goal by Evander Kane - BOISE CARIBOUS : 0 - SAN DIEGO THUNDER : 1.
0:19 of 1st period - Jesperi Kotkaniemi wins face-off versus David Perron in neutral zone.
0:42 of 1st period - Shot by Connor Brown.
0:42 of 1st period - Deflect By Jesperi Kotkaniemi.
0:42 of 1st period - Shot Blocked by Josh Manson.
0:44 of 1st period - Shot by Brian Boyle.
0:44 of 1st period - Stopped by Connor Hellebuyck without a rebound.
0:45 of 1st period - Pierre-Edouard Bellemare wins face-off versus Kyle Turris in SAN DIEGO THUNDER zone.
0:57 of 1st period - Shot by Mirco Mueller.
0:57 of 1st period - Stopped by Connor Hellebuyck without a rebound.
0:58 of 1st period - Bo Horvat wins face-off versus Mario Kempe in SAN DIEGO THUNDER zone.
1:13 of 1st period - Shot by Nikita Kucherov.
1:13 of 1st period - Shot Misses the Net.
1:28 of 1st period - Darren Helm is hit by Connor Murphy and loses puck.
1:52 of 1st period - Icing by Mirco Mueller.
1:53 of 1st period - Pierre-Edouard Bellemare wins face-off versus Kyle Turris in BOISE CARIBOUS zone.
2:12 of 1st period - Icing by Mirco Mueller.
2:13 of 1st period - Kyle Turris wins face-off versus Mikael Granlund in BOISE CARIBOUS zone.
2:13 of 1st period - Kyle Turris is hit by Josh Anderson.
2:14 of 1st period - Minor Penalty to David Perron for Boarding.
2:15 of 1st period - Jesperi Kotkaniemi wins face-off versus Pierre-Edouard Bellemare in SAN DIEGO THUNDER zone.
2:43 of 1st period - Icing by Connor Brown.
2:44 of 1st period - Pierre-Edouard Bellemare wins face-off versus Jesperi Kotkaniemi in BOISE CARIBOUS zone.
2:49 of 1st period - Icing by Will Butcher.
2:50 of 1st period - Pierre-Edouard Bellemare wins face-off versus Jesperi Kotkaniemi in BOISE CARIBOUS zone.
4:09 of 1st period - Shot by Connor Brown.
4:09 of 1st period - Stopped by Connor Hellebuyck with a rebound.
4:14 of 1st period - Icing by Jean-Gabriel Pageau.
4:15 of 1st period - Bo Horvat wins face-off versus Mario Kempe in SAN DIEGO THUNDER zone.
5:06 of 1st period - Kyle Turris is hit by Josh Anderson.
5:18 of 1st period - Shot by Kyle Turris.
5:18 of 1st period - Stopped by Connor Hellebuyck without a rebound.
5:19 of 1st period - Jesperi Kotkaniemi wins face-off versus Pierre-Edouard Bellemare in SAN DIEGO THUNDER zone.
5:22 of 1st period - Shot by Brian Boyle.
5:22 of 1st period - Shot Hit the Post.
5:53 of 1st period - Shot by Jared McCann.
5:53 of 1st period - Goal by Jared McCann - BOISE CARIBOUS : 0 - SAN DIEGO THUNDER : 2.
5:54 of 1st period - Mikael Granlund wins face-off versus Radek Faksa in neutral zone.
6:20 of 1st period - Minor Penalty to Zach Redmond for Hooking.
6:21 of 1st period - Radek Faksa wins face-off versus Bo Horvat in BOISE CARIBOUS zone.
6:50 of 1st period - Shot by Nikita Kucherov.
6:50 of 1st period - Stopped by Michal Neuvirth without a rebound.
6:51 of 1st period - Jesperi Kotkaniemi wins face-off versus Mikael Granlund in BOISE CARIBOUS zone.
7:01 of 1st period - Shot by Charles McAvoy.
7:01 of 1st period - Shot Misses the Net.
7:03 of 1st period - Shot by Connor Murphy.
7:03 of 1st period - Shot Misses the Net.
7:05 of 1st period - Shot by Connor Murphy.
7:05 of 1st period - Shot Blocked by Mirco Mueller.
7:55 of 1st period - Shot by David Perron.
7:55 of 1st period - Shot Blocked by Nick Leddy.
8:23 of 1st period - Icing by Mirco Mueller.
8:24 of 1st period - Jesperi Kotkaniemi wins face-off versus Pierre-Edouard Bellemare in BOISE CARIBOUS zone.
8:41 of 1st period - Shot by Jesperi Kotkaniemi.
8:41 of 1st period - Stopped by Connor Hellebuyck without a rebound.
8:42 of 1st period - Bo Horvat wins face-off versus Kyle Turris in SAN DIEGO THUNDER zone.
8:55 of 1st period - Shot by Nikita Kucherov.
8:55 of 1st period - Goal by Nikita Kucherov - BOISE CARIBOUS : 0 - SAN DIEGO THUNDER : 3.
8:56 of 1st period - Jesperi Kotkaniemi wins face-off versus Mikael Granlund in neutral zone.
9:11 of 1st period - Shot by Mikael Granlund.
9:11 of 1st period - Stopped by Michal Neuvirth without a rebound.
9:12 of 1st period - Kyle Turris wins face-off versus Bo Horvat in BOISE CARIBOUS zone.
9:12 of 1st period - Kyle Turris is hit by Evander Kane.
9:27 of 1st period - Melker Karlsson is hit by Matt Benning and loses puck.
9:38 of 1st period - Shot by Evander Kane.
9:38 of 1st period - Shot Misses the Net.
9:40 of 1st period - Shot by Evander Kane.
9:40 of 1st period - Shot Misses the Net.
10:38 of 1st period - Shot by David Perron.
10:38 of 1st period - Shot Blocked by Nick Leddy.
10:40 of 1st period - Shot by Patrik Nemeth.
10:40 of 1st period - Stopped by Michal Neuvirth without a rebound.
10:41 of 1st period - Jared McCann wins face-off versus Radek Faksa in BOISE CARIBOUS zone.
11:00 of 1st period - Shot by Jared McCann.
11:00 of 1st period - Stopped by Michal Neuvirth without a rebound.
11:01 of 1st period - Bo Horvat wins face-off versus Mario Kempe in BOISE CARIBOUS zone.
11:18 of 1st period - Shot by Bo Horvat.
11:18 of 1st period - Stopped by Michal Neuvirth with a rebound.
11:20 of 1st period - Shot by Connor Murphy.
11:20 of 1st period - Stopped by Michal Neuvirth without a rebound.
11:21 of 1st period - Radek Faksa wins face-off versus Mikael Granlund in BOISE CARIBOUS zone.
11:21 of 1st period - Minor Penalty to Josh Anderson for High sticking.
11:22 of 1st period - Pierre-Edouard Bellemare wins face-off versus Jesperi Kotkaniemi in SAN DIEGO THUNDER zone.
11:22 of 1st period - Pierre-Edouard Bellemare is hit by Brian Boyle.
12:11 of 1st period - Lawson Crouse is hit by Pierre-Edouard Bellemare and loses puck.
12:34 of 1st period - Shot by Lawson Crouse.
12:34 of 1st period - Stopped by Connor Hellebuyck without a rebound.
12:35 of 1st period - Jean-Gabriel Pageau wins face-off versus Kyle Turris in SAN DIEGO THUNDER zone.
13:02 of 1st period - Shot by Thomas Vanek.
13:02 of 1st period - Deflect By Kyle Turris.
13:02 of 1st period - Stopped by Connor Hellebuyck without a rebound.
13:03 of 1st period - Pierre-Edouard Bellemare wins face-off versus Jesperi Kotkaniemi in SAN DIEGO THUNDER zone.
13:15 of 1st period - Off-side.
13:16 of 1st period - Jean-Gabriel Pageau wins face-off versus Jesperi Kotkaniemi in neutral zone.
13:23 of 1st period - Icing by Jesperi Kotkaniemi.
13:24 of 1st period - Mikael Granlund wins face-off versus Mario Kempe in BOISE CARIBOUS zone.
13:31 of 1st period - Shot by Mikael Granlund.
13:31 of 1st period - Shot Blocked by Nick Leddy.
13:34 of 1st period - Icing by Nick Leddy.
13:35 of 1st period - Bo Horvat wins face-off versus Mario Kempe in BOISE CARIBOUS zone.
13:44 of 1st period - Shot by Nikita Kucherov.
13:44 of 1st period - Shot Misses the Net.
13:49 of 1st period - Shot by Evander Kane.
13:49 of 1st period - Shot Misses the Net.
13:51 of 1st period - Shot by Evander Kane.
13:51 of 1st period - Stopped by Michal Neuvirth without a rebound.
13:52 of 1st period - Josh Anderson wins face-off versus Thomas Vanek in BOISE CARIBOUS zone.
13:55 of 1st period - Shot by Mikael Granlund.
13:55 of 1st period - Shot Blocked by Will Butcher.
14:27 of 1st period - Icing by Josh Manson.
14:28 of 1st period - Mikael Granlund wins face-off versus Jesperi Kotkaniemi in SAN DIEGO THUNDER zone.
14:35 of 1st period - Shot by Josh Anderson.
14:35 of 1st period - Stopped by Michal Neuvirth without a rebound.
14:36 of 1st period - Pierre-Edouard Bellemare wins face-off versus Jesperi Kotkaniemi in BOISE CARIBOUS zone.
14:36 of 1st period - Jared McCann is hit by Zach Redmond and loses puck.
14:42 of 1st period - Off-side.
14:43 of 1st period - Pierre-Edouard Bellemare wins face-off versus Jesperi Kotkaniemi in neutral zone.
14:46 of 1st period - Jesperi Kotkaniemi is hit by Jared McCann and loses puck.
15:38 of 1st period - Minor Penalty to Evander Kane for Roughing.
15:39 of 1st period - Bo Horvat wins face-off versus Kyle Turris in SAN DIEGO THUNDER zone.
16:39 of 1st period - Shot by Andre Burakovsky.
16:39 of 1st period - Stopped by Connor Hellebuyck with a rebound.
16:57 of 1st period - Shot by Jesperi Kotkaniemi.
16:57 of 1st period - Shot Blocked by Connor Murphy.
18:33 of 1st period - Minor Penalty to Zach Redmond for High sticking.
18:34 of 1st period - Radek Faksa wins face-off versus Mikael Granlund in BOISE CARIBOUS zone.
18:45 of 1st period - Shot by Evander Kane.
18:45 of 1st period - Shot Misses the Net.
18:47 of 1st period - Shot by Patrik Nemeth.
18:47 of 1st period - Shot Misses the Net.
19:25 of 1st period - Shot by David Perron.
19:25 of 1st period - Deflect By Nikita Kucherov.
19:25 of 1st period - Shot Misses the Net.
19:27 of 1st period - Shot by Connor Murphy.
19:27 of 1st period - Shot Blocked by Melker Karlsson.
19:29 of 1st period - Shot by Connor Murphy.
19:29 of 1st period - Shot Misses the Net.
19:31 of 1st period - Shot by Josh Manson.
19:31 of 1st period - Shot Blocked by Greg Pateryn.
19:57 of 1st period - Shot by Mikael Granlund.
19:57 of 1st period - Stopped by Michal Neuvirth with a rebound.
19:59 of 1st period - Shot by Josh Manson.
19:59 of 1st period - Shot Misses the Net.
Goals for this period are 0 for BOISE CARIBOUS vs 3 for SAN DIEGO THUNDER.
Shots for this period are 8 for BOISE CARIBOUS vs 12 for SAN DIEGO THUNDER.

2nd period


0:01 of 2nd period - Radek Faksa wins face-off versus Bo Horvat in neutral zone.
0:16 of 2nd period - Shot by David Perron.
0:16 of 2nd period - Deflect By Nikita Kucherov.
0:16 of 2nd period - Stopped by Michal Neuvirth without a rebound.
0:17 of 2nd period - Radek Faksa wins face-off versus Mikael Granlund in BOISE CARIBOUS zone.
0:33 of 2nd period - Icing by Evander Kane.
0:34 of 2nd period - Pierre-Edouard Bellemare wins face-off versus Jesperi Kotkaniemi in SAN DIEGO THUNDER zone.
0:38 of 2nd period - Off-side.
0:39 of 2nd period - Radek Faksa wins face-off versus Mikael Granlund in neutral zone.
1:32 of 2nd period - Icing by Radko Gudas.
1:33 of 2nd period - Mikael Granlund wins face-off versus Jesperi Kotkaniemi in SAN DIEGO THUNDER zone.
1:37 of 2nd period - Off-side.
1:38 of 2nd period - Bo Horvat wins face-off versus Jesperi Kotkaniemi in neutral zone.
1:48 of 2nd period - Nikita Kucherov is hit by Mirco Mueller.
1:50 of 2nd period - Shot by Evander Kane.
1:50 of 2nd period - Shot Misses the Net.
1:52 of 2nd period - Shot by Connor Murphy.
1:52 of 2nd period - Shot Blocked by Mirco Mueller.
2:37 of 2nd period - Icing by Josh Manson.
2:38 of 2nd period - Kyle Turris wins face-off versus Bo Horvat in SAN DIEGO THUNDER zone.
2:55 of 2nd period - Greg Pateryn is hit by Jared McCann and loses puck.
3:05 of 2nd period - Jared McCann is hit by Greg Pateryn and loses puck.
3:18 of 2nd period - Shot by Pierre-Edouard Bellemare.
3:18 of 2nd period - Stopped by Michal Neuvirth with a rebound.
3:23 of 2nd period - Dominik Kahun is hit by Greg Pateryn and loses puck.
3:41 of 2nd period - Shot by David Perron.
3:41 of 2nd period - Shot Misses the Net.
3:43 of 2nd period - Shot by Mikael Granlund.
3:43 of 2nd period - Shot Misses the Net.
4:05 of 2nd period - Shot by Josh Anderson.
4:05 of 2nd period - Stopped by Michal Neuvirth with a rebound.
4:07 of 2nd period - Shot by Radko Gudas.
4:07 of 2nd period - Stopped by Michal Neuvirth with a rebound.
4:09 of 2nd period - Shot by David Perron.
4:09 of 2nd period - Goal by David Perron - BOISE CARIBOUS : 0 - SAN DIEGO THUNDER : 4.
4:10 of 2nd period - Bo Horvat wins face-off versus Andre Burakovsky in neutral zone.
4:41 of 2nd period - Minor Penalty to Evander Kane for Close Hand On Puck.
4:42 of 2nd period - Pierre-Edouard Bellemare wins face-off versus Jesperi Kotkaniemi in SAN DIEGO THUNDER zone.
4:42 of 2nd period - Josh Anderson is hit by Brian Boyle and loses puck.
4:53 of 2nd period - Shot by Connor Brown.
4:53 of 2nd period - Stopped by Connor Hellebuyck without a rebound.
4:54 of 2nd period - Pierre-Edouard Bellemare wins face-off versus Jesperi Kotkaniemi in SAN DIEGO THUNDER zone.
4:54 of 2nd period - Pierre-Edouard Bellemare is hit by Jesperi Kotkaniemi.
5:03 of 2nd period - Icing by Jesperi Kotkaniemi.
5:04 of 2nd period - Jesperi Kotkaniemi wins face-off versus Pierre-Edouard Bellemare in BOISE CARIBOUS zone.
5:04 of 2nd period - Jesperi Kotkaniemi is hit by Josh Anderson.
5:55 of 2nd period - Kyle Turris is hit by Connor Murphy.
6:36 of 2nd period - Off-side.
6:37 of 2nd period - Pierre-Edouard Bellemare wins face-off versus Kyle Turris in neutral zone.
7:06 of 2nd period - Shot by Bo Horvat.
7:06 of 2nd period - Stopped by Michal Neuvirth with a rebound.
7:34 of 2nd period - Minor Penalty to Micheal Haley for Hooking.
7:35 of 2nd period - Jesperi Kotkaniemi wins face-off versus Mikael Granlund in BOISE CARIBOUS zone.
8:11 of 2nd period - Shot by Mikael Granlund.
8:11 of 2nd period - Stopped by Michal Neuvirth without a rebound.
8:12 of 2nd period - Radek Faksa wins face-off versus Bo Horvat in BOISE CARIBOUS zone.
8:35 of 2nd period - Shot by David Perron.
8:35 of 2nd period - Shot Misses the Net.
8:37 of 2nd period - Shot by Charles McAvoy.
8:37 of 2nd period - Shot Blocked by Mirco Mueller.
9:45 of 2nd period - Shot by Pierre-Edouard Bellemare.
9:45 of 2nd period - Deflect By Jared McCann.
9:45 of 2nd period - Shot Blocked by Will Butcher.
9:47 of 2nd period - Shot by Josh Manson.
9:47 of 2nd period - Shot Blocked by Will Butcher.
12:13 of 2nd period - Shot by Radek Faksa.
12:13 of 2nd period - Stopped by Connor Hellebuyck without a rebound.
12:14 of 2nd period - Kyle Turris wins face-off versus Mikael Granlund in SAN DIEGO THUNDER zone.
12:35 of 2nd period - Shot by Melker Karlsson.
12:35 of 2nd period - Shot Misses the Net.
13:10 of 2nd period - Icing by Evander Kane.
13:11 of 2nd period - Radek Faksa wins face-off versus Bo Horvat in SAN DIEGO THUNDER zone.
13:11 of 2nd period - Will Butcher is hit by Josh Manson and loses puck.
13:30 of 2nd period - Shot by Evander Kane.
13:30 of 2nd period - Shot Misses the Net.
13:32 of 2nd period - Shot by Evander Kane.
13:32 of 2nd period - Shot Misses the Net.
13:38 of 2nd period - Shot by Bo Horvat.
13:38 of 2nd period - Stopped by Michal Neuvirth with a rebound.
14:41 of 2nd period - Icing by Jared McCann.
14:42 of 2nd period - Dominik Kahun wins face-off versus Micheal Haley in SAN DIEGO THUNDER zone.
15:17 of 2nd period - Shot by Darren Helm.
15:17 of 2nd period - Shot Misses the Net.
15:23 of 2nd period - Greg Pateryn is hit by Josh Anderson and loses puck.
15:32 of 2nd period - Shot by Mikael Granlund.
15:32 of 2nd period - Shot Misses the Net.
15:34 of 2nd period - Shot by Mikael Granlund.
15:34 of 2nd period - Deflect By David Perron.
15:34 of 2nd period - Shot Hit the Post.
15:36 of 2nd period - Shot by David Perron.
15:36 of 2nd period - Shot Misses the Net.
16:07 of 2nd period - Shot by Nikita Kucherov.
16:07 of 2nd period - Deflect By Bo Horvat.
16:07 of 2nd period - Stopped by Michal Neuvirth with a rebound.
16:25 of 2nd period - Shot by Evander Kane.
16:25 of 2nd period - Shot Blocked by Mario Kempe.
16:34 of 2nd period - Icing by Mirco Mueller.
16:35 of 2nd period - Pierre-Edouard Bellemare wins face-off versus Mario Kempe in BOISE CARIBOUS zone.
17:13 of 2nd period - Shot by Jared McCann.
17:13 of 2nd period - Stopped by Michal Neuvirth without a rebound.
17:14 of 2nd period - Mikael Granlund wins face-off versus Radek Faksa in BOISE CARIBOUS zone.
17:14 of 2nd period - David Perron is hit by Zach Redmond.
17:20 of 2nd period - Shot by Mikael Granlund.
17:20 of 2nd period - Stopped by Michal Neuvirth with a rebound.
17:26 of 2nd period - Matt Benning is hit by Radek Faksa and loses puck.
17:44 of 2nd period - Andre Burakovsky is hit by Charles McAvoy and loses puck.
18:28 of 2nd period - Minor Penalty to Nikita Kucherov for Hooking.
18:29 of 2nd period - Jesperi Kotkaniemi wins face-off versus Jean-Gabriel Pageau in SAN DIEGO THUNDER zone.
18:30 of 2nd period - Shot by Lawson Crouse.
18:30 of 2nd period - Stopped by Connor Hellebuyck without a rebound.
18:31 of 2nd period - Jesperi Kotkaniemi wins face-off versus Pierre-Edouard Bellemare in SAN DIEGO THUNDER zone.
18:36 of 2nd period - Shot by Lawson Crouse.
18:36 of 2nd period - Shot Misses the Net.
18:54 of 2nd period - Shot by Will Butcher.
18:54 of 2nd period - Shot Blocked by Charles McAvoy.
18:58 of 2nd period - Shot by Jesperi Kotkaniemi.
18:58 of 2nd period - Stopped by Connor Hellebuyck without a rebound.
18:59 of 2nd period - Kyle Turris wins face-off versus Pierre-Edouard Bellemare in SAN DIEGO THUNDER zone.
19:02 of 2nd period - Shot by Will Butcher.
19:02 of 2nd period - Stopped by Connor Hellebuyck with a rebound.
19:31 of 2nd period - Minor Penalty to Charles McAvoy for Interference.
19:32 of 2nd period - Pierre-Edouard Bellemare wins face-off versus Jesperi Kotkaniemi in SAN DIEGO THUNDER zone.
19:46 of 2nd period - Shot by Jesperi Kotkaniemi.
19:46 of 2nd period - Shot Blocked by Josh Manson.
Goals for this period are 0 for BOISE CARIBOUS vs 1 for SAN DIEGO THUNDER.
Shots for this period are 5 for BOISE CARIBOUS vs 11 for SAN DIEGO THUNDER.

3rd period


0:01 of 3rd period - Kyle Turris wins face-off versus Pierre-Edouard Bellemare in neutral zone.
0:14 of 3rd period - Shot by Connor Brown.
0:14 of 3rd period - Stopped by Connor Hellebuyck without a rebound.
0:15 of 3rd period - Pierre-Edouard Bellemare wins face-off versus Jesperi Kotkaniemi in SAN DIEGO THUNDER zone.
0:21 of 3rd period - Icing by Will Butcher.
0:22 of 3rd period - Pierre-Edouard Bellemare wins face-off versus Jesperi Kotkaniemi in BOISE CARIBOUS zone.
0:26 of 3rd period - Icing by Andre Burakovsky.
0:27 of 3rd period - Pierre-Edouard Bellemare wins face-off versus Jesperi Kotkaniemi in BOISE CARIBOUS zone.
1:05 of 3rd period - Icing by Will Butcher.
1:06 of 3rd period - Jean-Gabriel Pageau wins face-off versus Jesperi Kotkaniemi in BOISE CARIBOUS zone.
1:56 of 3rd period - Shot by Evander Kane.
1:56 of 3rd period - Stopped by Michal Neuvirth without a rebound.
1:57 of 3rd period - Mikael Granlund wins face-off versus Kyle Turris in BOISE CARIBOUS zone.
2:05 of 3rd period - Shot by Mikael Granlund.
2:05 of 3rd period - Shot Misses the Net.
2:07 of 3rd period - Shot by Mikael Granlund.
2:07 of 3rd period - Goal by Mikael Granlund - BOISE CARIBOUS : 0 - SAN DIEGO THUNDER : 5.
2:08 of 3rd period - Pierre-Edouard Bellemare wins face-off versus Mario Kempe in neutral zone.
2:08 of 3rd period - Pierre-Edouard Bellemare is hit by Micheal Haley.
2:24 of 3rd period - Shot by Jared McCann.
2:24 of 3rd period - Shot Misses the Net.
2:27 of 3rd period - Pierre-Edouard Bellemare is hit by Zach Redmond and loses puck.
3:10 of 3rd period - Josh Anderson is hit by Will Butcher and loses puck.
3:47 of 3rd period - Icing by Josh Manson.
3:48 of 3rd period - Radek Faksa wins face-off versus David Perron in SAN DIEGO THUNDER zone.
3:51 of 3rd period - Shot by Radek Faksa.
3:51 of 3rd period - Shot Hit the Post.
4:21 of 3rd period - Shot by Thomas Vanek.
4:21 of 3rd period - Goal by Thomas Vanek - BOISE CARIBOUS : 1 - SAN DIEGO THUNDER : 5.
4:22 of 3rd period - Jared McCann wins face-off versus Kyle Turris in neutral zone.
4:22 of 3rd period - Pierre-Edouard Bellemare is hit by Lawson Crouse and loses puck.
4:26 of 3rd period - Radko Gudas is hit by Zach Redmond and loses puck.
4:48 of 3rd period - Icing by Radko Gudas.
4:49 of 3rd period - Jesperi Kotkaniemi wins face-off versus Pierre-Edouard Bellemare in SAN DIEGO THUNDER zone.
5:02 of 3rd period - Shot by Pierre-Edouard Bellemare.
5:02 of 3rd period - Shot Misses the Net.
5:04 of 3rd period - Shot by Pierre-Edouard Bellemare.
5:04 of 3rd period - Shot Blocked by Greg Pateryn.
5:06 of 3rd period - Shot by Pierre-Edouard Bellemare.
5:06 of 3rd period - Shot Misses the Net.
5:08 of 3rd period - Shot by Pierre-Edouard Bellemare.
5:08 of 3rd period - Stopped by Michal Neuvirth without a rebound.
5:09 of 3rd period - Bo Horvat wins face-off versus Radek Faksa in BOISE CARIBOUS zone.
5:26 of 3rd period - Shot by Bo Horvat.
5:26 of 3rd period - Stopped by Michal Neuvirth with a rebound.
5:34 of 3rd period - Shot by Evander Kane.
5:34 of 3rd period - Stopped by Michal Neuvirth without a rebound.
5:35 of 3rd period - Mikael Granlund wins face-off versus Lawson Crouse in BOISE CARIBOUS zone.
5:42 of 3rd period - Icing by Melker Karlsson.
5:43 of 3rd period - Bo Horvat wins face-off versus Kyle Turris in BOISE CARIBOUS zone.
5:50 of 3rd period - Lawson Crouse is hit by Evander Kane and loses puck.
6:03 of 3rd period - Shot by Lawson Crouse.
6:03 of 3rd period - Shot Misses the Net.
6:24 of 3rd period - Shot by Nikita Kucherov.
6:24 of 3rd period - Shot Misses the Net.
7:00 of 3rd period - Andre Burakovsky is hit by Josh Anderson and loses puck.
7:21 of 3rd period - Shot by Thomas Vanek.
7:21 of 3rd period - Shot Blocked by Mikael Granlund.
7:31 of 3rd period - Shot by Thomas Vanek.
7:31 of 3rd period - Shot Misses the Net.
7:53 of 3rd period - Minor Penalty to Pierre-Edouard Bellemare for Tripping.
7:54 of 3rd period - Jean-Gabriel Pageau wins face-off versus Andre Burakovsky in SAN DIEGO THUNDER zone.
8:17 of 3rd period - Shot by Jean-Gabriel Pageau.
8:17 of 3rd period - Shot Blocked by Connor Brown.
8:39 of 3rd period - Icing by Jesperi Kotkaniemi.
8:40 of 3rd period - Bo Horvat wins face-off versus Jesperi Kotkaniemi in BOISE CARIBOUS zone.
8:56 of 3rd period - Icing by Lawson Crouse.
8:57 of 3rd period - Bo Horvat wins face-off versus Kyle Turris in BOISE CARIBOUS zone.
9:28 of 3rd period - Shot by Thomas Vanek.
9:28 of 3rd period - Stopped by Connor Hellebuyck without a rebound.
9:29 of 3rd period - Jean-Gabriel Pageau wins face-off versus Kyle Turris in SAN DIEGO THUNDER zone.
9:43 of 3rd period - Kyle Turris is hit by Josh Manson and loses puck.
10:16 of 3rd period - Icing by Melker Karlsson.
10:17 of 3rd period - Pierre-Edouard Bellemare wins face-off versus Jesperi Kotkaniemi in BOISE CARIBOUS zone.
10:42 of 3rd period - Shot by Pierre-Edouard Bellemare.
10:42 of 3rd period - Stopped by Michal Neuvirth with a rebound.
10:44 of 3rd period - Shot by Radko Gudas.
10:44 of 3rd period - Shot Misses the Net.
10:46 of 3rd period - Shot by Patrik Nemeth.
10:46 of 3rd period - Shot Blocked by Zach Redmond.
10:48 of 3rd period - Shot by Radko Gudas.
10:48 of 3rd period - Stopped by Michal Neuvirth without a rebound.
10:49 of 3rd period - Bo Horvat wins face-off versus Radek Faksa in BOISE CARIBOUS zone.
10:54 of 3rd period - Shot by Evander Kane.
10:54 of 3rd period - Stopped by Michal Neuvirth without a rebound.
10:55 of 3rd period - Bo Horvat wins face-off versus Radek Faksa in BOISE CARIBOUS zone.
11:08 of 3rd period - Shot by Bo Horvat.
11:08 of 3rd period - Shot Misses the Net.
11:22 of 3rd period - Shot by Radek Faksa.
11:22 of 3rd period - Deflect By Thomas Vanek.
11:22 of 3rd period - Shot Blocked by Evander Kane.
11:30 of 3rd period - Shot by Evander Kane.
11:30 of 3rd period - Stopped by Michal Neuvirth without a rebound.
11:31 of 3rd period - Mikael Granlund wins face-off versus Mario Kempe in BOISE CARIBOUS zone.
12:04 of 3rd period - Shot by Mikael Granlund.
12:04 of 3rd period - Shot Misses the Net.
12:21 of 3rd period - Icing by Mirco Mueller.
12:22 of 3rd period - Bo Horvat wins face-off versus Mario Kempe in BOISE CARIBOUS zone.
12:57 of 3rd period - Shot by Nikita Kucherov.
12:57 of 3rd period - Shot Misses the Net.
12:59 of 3rd period - Shot by Nikita Kucherov.
12:59 of 3rd period - Shot Misses the Net.
14:07 of 3rd period - Will Butcher is hit by Radko Gudas and loses puck.
14:21 of 3rd period - Minor Penalty to Thomas Vanek for Holding.
14:22 of 3rd period - Radek Faksa wins face-off versus Bo Horvat in BOISE CARIBOUS zone.
14:41 of 3rd period - Icing by Charles McAvoy.
14:42 of 3rd period - Radek Faksa wins face-off versus David Perron in SAN DIEGO THUNDER zone.
15:23 of 3rd period - Shot by Evander Kane.
15:23 of 3rd period - Stopped by Michal Neuvirth with a rebound.
15:25 of 3rd period - Shot by Mikael Granlund.
15:25 of 3rd period - Shot Blocked by Radek Faksa.
15:39 of 3rd period - Shot by Josh Anderson.
15:39 of 3rd period - Shot Misses the Net.
15:41 of 3rd period - Shot by Josh Anderson.
15:41 of 3rd period - Deflect By Evander Kane.
15:41 of 3rd period - Shot Misses the Net.
15:43 of 3rd period - Shot by Patrik Nemeth.
15:43 of 3rd period - Stopped by Michal Neuvirth with a rebound.
16:02 of 3rd period - Icing by Josh Manson.
16:03 of 3rd period - Bo Horvat wins face-off versus Jesperi Kotkaniemi in SAN DIEGO THUNDER zone.
16:39 of 3rd period - Icing by Radko Gudas.
16:40 of 3rd period - Mario Kempe wins face-off versus Pierre-Edouard Bellemare in SAN DIEGO THUNDER zone.
16:41 of 3rd period - Shot by Darren Helm.
16:41 of 3rd period - Stopped by Connor Hellebuyck without a rebound.
16:42 of 3rd period - Bo Horvat wins face-off versus Mario Kempe in SAN DIEGO THUNDER zone.
17:33 of 3rd period - Shot by Connor Brown.
17:33 of 3rd period - Stopped by Connor Hellebuyck without a rebound.
17:34 of 3rd period - Radek Faksa wins face-off versus Josh Anderson in SAN DIEGO THUNDER zone.
17:53 of 3rd period - Shot by Mikael Granlund.
17:53 of 3rd period - Stopped by Michal Neuvirth without a rebound.
17:54 of 3rd period - Jesperi Kotkaniemi wins face-off versus Jean-Gabriel Pageau in BOISE CARIBOUS zone.
17:54 of 3rd period - Jesperi Kotkaniemi is hit by Jean-Gabriel Pageau.
18:14 of 3rd period - Shot by Jean-Gabriel Pageau.
18:14 of 3rd period - Deflect By James Neal.
18:14 of 3rd period - Stopped by Michal Neuvirth with a rebound.
18:16 of 3rd period - Shot by Jean-Gabriel Pageau.
18:16 of 3rd period - Stopped by Michal Neuvirth without a rebound.
18:17 of 3rd period - Radek Faksa wins face-off versus Mikael Granlund in BOISE CARIBOUS zone.
18:45 of 3rd period - Shot by Radek Faksa.
18:45 of 3rd period - Stopped by Connor Hellebuyck without a rebound.
18:46 of 3rd period - Kyle Turris wins face-off versus Bo Horvat in SAN DIEGO THUNDER zone.
18:55 of 3rd period - Shot by Kyle Turris.
18:55 of 3rd period - Shot Misses the Net.
19:01 of 3rd period - Shot by Bo Horvat.
19:01 of 3rd period - Stopped by Michal Neuvirth without a rebound.
19:02 of 3rd period - Pierre-Edouard Bellemare wins face-off versus Jesperi Kotkaniemi in BOISE CARIBOUS zone.
19:06 of 3rd period - Icing by Greg Pateryn.
19:07 of 3rd period - Jesperi Kotkaniemi wins face-off versus Mikael Granlund in BOISE CARIBOUS zone.
19:07 of 3rd period - Jesperi Kotkaniemi is hit by Josh Anderson.
19:32 of 3rd period - Icing by Radko Gudas.
19:33 of 3rd period - Mikael Granlund wins face-off versus Thomas Vanek in SAN DIEGO THUNDER zone.
19:33 of 3rd period - Mikael Granlund is hit by Thomas Vanek.
19:34 of 3rd period - Double Minor Penalty to Thomas Vanek for High sticking.
19:35 of 3rd period - Radek Faksa wins face-off versus David Perron in BOISE CARIBOUS zone.
Goals for this period are 1 for BOISE CARIBOUS vs 1 for SAN DIEGO THUNDER.
Shots for this period are 6 for BOISE CARIBOUS vs 15 for SAN DIEGO THUNDER.


AUSTON
MATTHEWS
JOEL
ERIKSSON
MATHEW
BARZAL

EAST COAST

HOCKEY LEAGUE

  • 21.PIT7MAN3
  • 22.ATL3NHW4
  • 23.WOR5PET4
  • 24.3RHI4
  • 25.QUECHI
  • 26.CHALIM
  • 27.TRVLON
  • 28.CHWBAL